 Dungeon Crawl Stone Soup version 0.23.0 (webtiles) character file.

Game seed: 7447837358895913548

36029 Borgoz the Bludgeoner (level 13, -2/130 HPs)
             Began as a Gargoyle Gladiator on Feb 9, 2019.
             Was a Priest of Ashenzari.
             Slain by an entropy weaver (4 damage)
             ... on level 3 of the Lair of Beasts.
             The game lasted 00:43:36 (19770 turns).

Borgoz the Bludgeoner (Gargoyle Gladiator)         Turns: 19770, Time: 00:43:37

Health: -2/130     AC: 14    Str: 28    XL:     13   Next: 87%
Magic:  14/14      EV: 22    Int:  9    God:    Ashenzari [***...]
Gold:   743        SH:  0    Dex: 20    Spells: 12/12 levels left

rFire    . . .     SeeInvis +   a - +2 mace (protect)
rCold    . . .     Gourm    .   (no shield)
rNeg     + . .     Faith    .   J - +1 scale mail of Heegaty {Str+4 Slay+3}
rPois    ∞         Spirit   .   M - +2 hat
rElec    +         Reflect  .   m - +2 cloak
rCorr    .         Harm     .   n - +1 pair of gloves
MR       .....                  (no boots)
Stlth    ..........             (no amulet)
HPRegen  0.31/turn              (no ring)
MPRegen  0.14/turn              (no ring)

@: agile, berserking (expiring), corroded, protection aura, very quick
A: negative energy resistance 1, electricity resistance, unbreathing,
petrification resistance, rot immunity, AC +9
a: Curse Item, Scrying, Renounce Religion


You were on level 3 of the Lair of Beasts.
You worshipped Ashenzari.
Ashenzari was most pleased with you.
You were not hungry.

You visited 3 branches of the dungeon, and saw 18 of its levels.
You also visited: Ossuary.

You collected 1387 gold pieces.
You spent 644 gold pieces at shops.

Inventory:

Hand Weapons
 a - a +2 mace of protection (weapon)
Missiles
 d - 3 throwing nets (quivered)
 w - 69 poisoned needles
Armour
 c - a +1 ring mail of cold resistance
 m - a +2 cloak (worn)
 n - a +1 pair of gloves (worn)
 o - a +0 leather armour of magic resistance
 C - the +1 leather armour of Midwinter {+Blink rC+ SInv}
   (You found it on level 4 of the Lair of Beasts)

   It protects you from cold.
   It lets you see invisible.
   It lets you blink.
 J - the +1 scale mail of Heegaty (worn) {Str+4 Slay+3}
   (You bought it in a shop on level 7 of the Dungeon)

   It affects your strength (+4).
   It affects your accuracy and damage with ranged weapons and melee attacks
   (+3).
 M - a +2 hat (worn)
Jewellery
 b - an uncursed ring of protection from cold
 q - an uncursed ring of protection from cold
 y - an uncursed amulet of rage
Wands
 g - a wand of clouds (4)
 H - a wand of iceblast (2)
 O - a wand of acid (18)
 P - a wand of flame (4)
 S - a wand of disintegration (30)
Scrolls
 h - 5 scrolls of enchant weapon
 i - 6 scrolls of fog
 j - 7 scrolls of teleportation
 k - a scroll of holy word {unknown}
 p - a scroll of amnesia
 t - a scroll of acquirement {unknown}
 u - 4 scrolls of remove curse
 B - a scroll of immolation {unknown}
 E - 2 scrolls of fear
 F - 2 scrolls of identify
 L - 2 scrolls of enchant armour
 N - 2 scrolls of magic mapping
Potions
 l - 9 potions of flight
 r - a potion of cancellation
 s - a potion of agility
 v - 3 potions of haste
 z - a potion of brilliance
 A - 6 potions of curing
 Q - 2 potions of might
 R - 2 potions of lignification
 X - a potion of invisibility
 Z - a potion of resistance
Comestibles
 f - 21 rations
 D - 2 chunks of flesh


   Skills:
 + Level 12.3 Fighting
 + Level 15.2 Maces & Flails
 - Level 1.7 Throwing
 + Level 10.3 Armour
 + Level 8.5 Dodging
 + Level 1.4 Evocations


You had 12 spell levels left.
You didn't know any spells.
Your spell library contained the following spells:

 Spells                   Type           Power        Failure   Level  Hunger
 Beastly Appendage        Tmut           #.....       58%         1    ##.....
 Pain                     Necr           #...         58%         1    ##.....
 Sticks to Snakes         Tmut           #.......     75%         2    ###....
 Spider Form              Tmut/Pois      #.........   92%         3    ####...
 Ice Form                 Ice/Tmut       #.......     100%        4    #####..
 Blade Hands              Tmut           #.........   100%        5    ######.
 Bolt of Magma            Conj/Fire/Erth #.........   100%        5    ######.
 Iskenderun's Battlesphe  Conj/Chrm      #.......     100%        5    ######.
 Venom Bolt               Conj/Pois      #.........   100%        5    ######.
 Iron Shot                Conj/Erth      #.........   100%        6    #######
 Orb of Destruction       Conj           #.........   100%        7    #######
 Spellforged Servitor     Conj/Summ      #.........   100%        7    #######


Dungeon Overview and Level Annotations

Branches:
Dungeon (13/15)            Temple (1/1) D:4            Lair (4/6) D:8
  Swamp (0/4) Lair:4        Snake (0/4) Lair:4          Orc (0/2) D:10
 Vaults: D:13-14

Altars:
Ashenzari
Cheibriados
Dithmenos
Elyvilon
Fedhas
Gozag
Hepliaklqana
Kikubaaqudgha
Makhleb
Nemelex Xobeh
Okawaru
Qazlal
Ru
Sif Muna
Trog
Uskayaw
Vehumet
Wu Jian
Xom
Yredelemnul
Zin
The Shining One

Shops:
D:5 (   D:7 [   D:10 *(


Innate Abilities, Weirdness & Mutations

You are resistant to torment.
Your stone body is resilient. (AC +9)
You are immune to poison.
You resist negative energy. (rN+)
You are resistant to electric shocks. (rElec)
You can survive without breathing.
You are immune to petrification.
You are immune to rotting.


Message History

You closely miss the entropy weaver.
The entropy weaver is severely wounded.
The entropy weaver gestures wildly while chanting.
The entropic weave corrodes you!
You barely miss the entropy weaver.
The entropy weaver is severely wounded.
You closely miss the entropy weaver.
The entropy weaver is severely wounded.
The entropy weaver hits you.
* * * LOW HITPOINT WARNING * * *
The entropy weaver hits you but does no damage. x2
The entropy weaver completely misses you.
You closely miss the entropy weaver.
The entropy weaver is severely wounded.
You sock the entropy weaver!
The entropy weaver is almost dead.
The entropy weaver closely misses you.
The entropy weaver hits you but does no damage.
The entropy weaver hits you.
You die...

...........########.....#
##.#
.........##.>.##..##....##
###
........#........####....#
......#.....8....## #....##
.#...#....#####...###...#.#
##..##...##..###....##.#..###
#.......#####..#....###...#.#
##
#..##...###....##...###.#...#
##.
#.+............a@.......##.##
#.#
.##8.....8..>..8.....8#.####
##.
..+...................+..#
##.
#.#.#...###....#.....#####
#.# #...#....####.###...##
### ### #....#....#...##...##
##.##
##...##^..##.##....######.#.#
###
##..........8.....#.##...####
#..
#...............####....##
###


You could see an entropy weaver.

Vanquished Creatures
  An entropy weaver (Lair:3)
  4 hydras
  2 two-headed ogres
  The ghost of beigtais the Destroyer, a novice DsCj of Vehumet (D:6)
  An unseen horror (D:12)
  An ugly thing (D:10)
  Maurice (D:9)
  8 elephants
  3 black mambas
  6 spiny frogs
  A torpor snail (Lair:3)
  A rime drake (Lair:3)
  5 kobold demonologists
  2 komodo dragons
  An efreet (D:13)
  16 blink frogs
  7 hippogriffs
  3 wyverns
  Sigmund (D:3)
  27 yaks
  Grum (Lair:1)
  2 hungry ghosts
  2 basilisks
  4 nagas (Lair:4)
  An acid dragon (D:10)
  9 water moccasins
  Duvessa (D:7)
  2 porcupines
  4 sky beasts
  An eye of draining (D:10)
  6 orc warriors
  4 phantoms
  2 black bears
  3 ice beasts
  2 hornet zombies
  3 ogres
  A necrophage (D:10)
  12 wolves
  4 centaurs
  9 crocodiles
  12 bullfrogs
  15 big kobolds
  Dowan (D:7)
  A wyvern skeleton (D:11)
  5 scorpions
  A water moccasin skeleton (D:12)
  17 killer bees
  8 wights
  An electric eel (Lair:3)
  8 howler monkeys
  3 crimson imps
  2 bullfrog zombies
  A quasit (D:11)
  4 jellies
  A centaur zombie (Ossuary)
  7 orc priests
  9 hounds
  10 orc wizards
  A bullfrog skeleton (D:12)
  5 centaur skeletons
  Terence (D:3)
  An iguana (Lair:4)
  8 worker ants
  7 big kobold zombies (Ossuary)
  2 howler monkey zombies
  4 mummies (Ossuary)
  7 gnolls
  12 adders
  4 shadow imps
  An ooze (D:3)
  An adder zombie (D:9)
  2 adder skeletons
  4 worms
  3 dart slugs
  9 leopard geckos
  51 orcs
  7 giant cockroaches
  10 goblins
  4 hobgoblins
  12 jackals
  8 quokkas
  14 bats
  7 frilled lizards
  2 hobgoblin zombies (Ossuary)
  23 kobolds
  A leopard gecko skeleton (D:6)
  2 quokka zombies
  14 rats
  A rat zombie (D:6)
499 creatures vanquished.

Vanquished Creatures (others)
  An elephant (Lair:4)
  A vampire (D:13)
  A swamp drake (Lair:4)
  2 wolves (Lair:4)
  An iguana (Lair:4)
  A kobold (D:12)
  4 fungi
  A plant (Lair:4)
12 creatures vanquished.

Grand Total: 511 creatures vanquished

Notes
Turn   | Place    | Note
-------+----------+-------------------------------------------
     0 | D:1      | Borgoz the Gargoyle Gladiator began the quest for the Orb.
     0 | D:1      | Reached XP level 1. HP: 12/12 MP: 1/1
   100 | D:1      | Reached XP level 2. HP: 14/17 MP: 2/2
   407 | D:1      | Reached XP level 3. HP: 20/22 MP: 3/3
   818 | D:2      | Reached skill level 4 in Maces & Flails
   851 | D:2      | Reached XP level 4. HP: 21/27 MP: 4/4
  1148 | D:2      | Found a shimmering altar of Xom.
  1148 | D:2      | Found a stormy altar of Qazlal.
  1149 | D:2      | Found a basalt altar of Yredelemnul.
  1522 | D:3      | Noticed Terence
  1532 | D:3      | Killed Terence
  1532 | D:3      | Reached skill level 1 in Armour
  1546 | D:3      | Reached XP level 5. HP: 22/32 MP: 5/5
  1700 | D:3      | Found a shattered altar of Ashenzari.
  1700 | D:3      | Noticed Sigmund
  2221 | D:3      | Killed Sigmund
  2221 | D:3      | Reached skill level 5 in Maces & Flails
  2221 | D:3      | Reached XP level 6. HP: 18/37 MP: 6/6
  2386 | D:3      | Became a worshipper of Ashenzari the Shackled
  2859 | D:3      | Reached skill level 6 in Maces & Flails
  2871 | D:3      | Reached XP level 7. HP: 8/42 MP: 7/7
  3720 | D:4      | Found a staircase to the Ecumenical Temple.
  3816 | D:4      | Reached skill level 7 in Maces & Flails
  3826 | Temple   | Entered the Ecumenical Temple
  4307 | D:4      | Reached XP level 8. HP: 32/48 MP: 8/8
  4534 | D:4      | Found a glowing silver altar of Zin.
  4534 | D:4      | Found a white marble altar of Elyvilon.
  4535 | D:4      | Found a glowing golden altar of the Shining One.
  4703 | D:5      | Entered Level 5 of the Dungeon
  4831 | D:5      | Found a shadowy altar of Dithmenos.
  4965 | D:5      | Found a sacrificial altar of Ru.
  5252 | D:5      | Found Tinet's Antique Weapon Shop.
  5258 | D:5      | Bought a warped dagger for 168 gold pieces
  5523 | D:6      | Reached skill level 8 in Maces & Flails
  5571 | D:6      | Found a white marble altar of Elyvilon.
  5683 | D:6      | Reached * piety under Ashenzari
  5969 | D:6      | Reached skill level 5 in Fighting
  5974 | D:6      | Found a sand-covered staircase.
  5981 | Ossuary  | Entered an ossuary
  6027 | Ossuary  | Reached skill level 9 in Maces & Flails
  6027 | Ossuary  | Reached XP level 9. HP: 41/54 MP: 9/9
  6175 | D:6      | Found a runed translucent gate.
  6175 | D:6      | Found a runed translucent gate.
  6175 | D:6      | Found a runed translucent gate.
  6176 | D:6      | Noticed beigtais's ghost (novice DsCj)
  6177 | D:6      | Noticed a kobold demonologist
  6280 | D:6      | Found a bloodstained altar of Trog.
  6706 | D:7      | Noticed Duvessa
  6709 | D:7      | Noticed Dowan
  6717 | D:7      | Killed Duvessa
  6731 | D:7      | Killed Dowan
  7051 | D:7      | Found Nutu's Antique Armour Boutique.
  7057 | D:7      | Bought an ichor-stained scale mail for 216 gold pieces
  7067 | D:7      | Identified the +1 scale mail of Heegaty {Str+4 Slay+3} (You
                  | bought it in a shop on level 7 of the Dungeon)
  7143 | D:7      | Reached skill level 10 in Maces & Flails
  7143 | D:7      | Reached skill level 5 in Dodging
  7925 | D:7      | Found a deep blue altar of Sif Muna.
  7938 | D:7      | Found an ancient bone altar of Kikubaaqudgha.
  7956 | D:7      | Identified Kikubaaqudgha's Disquisition on Black Rituals
  7974 | D:7      | Found a radiant altar of Vehumet.
  8024 | D:8      | Found a staircase to the Lair.
  8024 | D:8      | Noticed an elephant
  8052 | D:7      | Reached XP level 10. HP: 52/61 MP: 10/10
  8211 | D:8      | Reached ** piety under Ashenzari
  8275 | D:8      | Noticed a two-headed ogre
  8286 | D:8      | Killed a two-headed ogre
  8286 | D:8      | Reached skill level 11 in Maces & Flails
  8296 | D:8      | Reached skill level 5 in Armour
  8520 | D:8      | Killed an elephant
  9410 | D:9      | Noticed Maurice
  9428 | D:9      | Reached skill level 12 in Maces & Flails
  9479 | D:9      | Killed Maurice
  9479 | D:9      | Reached XP level 11. HP: 56/68 MP: 11/11
  9548 | D:10     | Entered Level 10 of the Dungeon
  9548 | D:10     | Found Depron's General Store.
  9888 | D:10     | Bought a potion of might for 40 gold pieces
  9888 | D:10     | Bought a scroll of teleportation for 30 gold pieces
  9895 | D:10     | Found a staircase to the Orcish Mines.
 10530 | D:10     | Found Figuusos's Weapon Shop.
 11083 | D:11     | Noticed a two-headed ogre
 11098 | D:11     | Killed a two-headed ogre
 11098 | D:11     | Reached skill level 13 in Maces & Flails
 11104 | D:11     | Noticed a five-headed hydra
 11116 | D:11     | Killed a five-headed hydra
 11337 | D:11     | Noticed a cyan ugly thing
 11351 | D:10     | Killed a cyan ugly thing
 11655 | D:11     | Reached skill level 1 in Evocations
 12149 | D:6      | Killed beigtais's ghost
 12170 | D:6      | Reached XP level 12. HP: 76/76 MP: 12/12
 12361 | D:10     | Bought 2 potions of invisibility for 160 gold pieces
 12361 | D:10     | Bought a potion of curing for 30 gold pieces
 12822 | D:12     | Noticed a five-headed hydra
 12834 | D:12     | Killed a five-headed hydra
 13162 | D:12     | Reached *** piety under Ashenzari
 13185 | D:12     | Reached skill level 14 in Maces & Flails
 13468 | D:12     | Reached skill level 10 in Fighting
 14170 | Lair:1   | Entered Level 1 of the Lair of Beasts
 14171 | Lair:1   | Noticed Grum
 14454 | Lair:1   | Killed Grum
 15777 | Lair:2   | Got the cursed ring mail of Midwinter {Str-2 Dex+4 Stlth+}
 15793 | Lair:2   | Reached XP level 13. HP: 72/84 MP: 14/14
 18133 | Lair:4   | Found a staircase to the Snake Pit.
 18199 | Lair:4   | Reached skill level 15 in Maces & Flails
 18199 | Lair:4   | Reached skill level 10 in Armour
 18794 | Lair:4   | Got the uncursed leather armour of Midwinter {+Blink rC+
                  | SInv}
 18798 | Lair:4   | Found the -2 hat of the Alchemist {rElec rPois rF+ rC+ rN+
                  | MR+ rMut rCorr}
 18921 | Lair:4   | Found a staircase to the Swamp.
 19113 | Lair:4   | Noticed an entropy weaver
 19113 | Lair:4   | Noticed an entropy weaver
 19249 | Lair:3   | HP: 3/86 [entropy weaver (6)]
 19629 | Lair:3   | Killed an entropy weaver
 19759 | Lair:3   | HP: 3/87 [entropy weaver (3)]
 19768 | Lair:3   | HP: 2/130 [entropy weaver (3)]
 19770 | Lair:3   | Slain by an entropy weaver

Skill      XL: |  1  2  3  4  5  6  7  8  9 10 11 12 13 |
---------------+----------------------------------------+-----
Maces & Flails | 4 5 6 7 9 10 12 13 14 15 | 15.2
Armour         | 1 2 3 4 5 7 8 10 | 10.3
Fighting       | 3 4 5 6 8 9 10 12 | 12.3
Dodging        | 3 4 5 6 7 8 |  8.5
Evocations     | 1 |  1.4
Throwing       | |  1.7

Action                   |  1- 3 |  4- 6 |  7- 9 | 10-12 | 13-15 || total
-------------------------+-------+-------+-------+-------+-------++-------
Melee: Flail             |   119 |   218 |   488 |       |       ||   825
       Mace              |       |       |    69 |  1186 |   550 ||  1805
Evoke: Wand              |       |       |       |    10 |       ||    10
  Use: Potion            |       |     6 |     6 |     3 |     6 ||    21
       Scroll            |       |       |    10 |     8 |     6 ||    24
 Stab: Sleeping          |       |       |     1 |       |       ||     1
       Invisible         |       |       |       |     8 |       ||     8
       Confused          |       |       |       |       |     3 ||     3
  Eat: Chunk             |       |     7 |    14 |    21 |    13 ||    55
       Ration            |       |       |     1 |     3 |       ||     4
Armor: Leather armour    |    57 |   111 |   152 |       |       ||   320
       Scale mail        |       |       |    89 |   584 |   383 ||  1056
       Skin              |       |       |       |    98 |       ||    98
Dodge: Dodged            |    82 |   179 |   399 |   712 |   421 ||  1793
